 Dungeon Crawl Stone Soup version 0.29.1 (webtiles) character file.

Game seed: 5325674890776605403

8485 qw the Cleaver (level 11, -6/95 HPs)
             Began as a Minotaur Berserker on Sept 13, 2022.
             Was an Elder of Trog.
             Mangled by a komodo dragon (11 damage)
             ... on level 1 of the Lair of Beasts.
             The game lasted 00:03:57 (11675 turns).

qw the Cleaver (Minotaur Berserker)                Turns: 11675, Time: 00:03:58

Health: -6/95      AC: 17    Str: 25    XL:     11   Next: 10%
Magic:  10/10      EV:  7    Int: 10    God:    Trog [****..]
Gold:   494        SH: 11    Dex: 11    Spells: 10/10 levels left

rFire   . . .      SeeInvis .   Y - +0 war axe
rCold   . . .      Faith    .   b - +0 kite shield
rNeg    . . .      Spirit   .   m - +0 plate armour
rPois   .          Reflect  .   g - +2 hat
rElec   .          Harm     .   p - +0 cloak
rCorr   .          Rampage  .   (no gloves)
Will    .....                   i - +0 pair of boots
Stlth   ..........              (no amulet)
HPRegen 0.25/turn               h - +6 ring of intelligence
MPRegen 0.12/turn               q - +4 ring of slaying {mikee}

@: about to teleport, on berserk cooldown, slowed, very slow
A: horns 2, retaliatory headbutt, talons 1
a: Renounce Religion, Berserk, Trog's Hand, Brothers in Arms


You were on level 1 of the Lair of Beasts.
You worshipped Trog.
Trog was greatly pleased with you.
You visited 2 branches of the dungeon, and saw 11 of its levels.

You collected 794 gold pieces.
You spent 300 gold pieces at shops.


Innate Abilities, Weirdness & Mutations

You have a pair of horns on your head.
You reflexively headbutt those who attack you in melee.
You have sharp toenails.


   Skills:
 - Level 8.9 Fighting
 + Level 14.2 Axes
 - Level 3.1 Throwing
 - Level 7.2 Armour
 - Level 3.0 Dodging
 - Level 10.0 Shields


You had 10 spell levels left.
You didn't know any spells.
Your spell library was empty.

Inventory:

Hand Weapons
 n - a +2 flail of protection
 Y - a +0 war axe (weapon)
Missiles
 e - a boomerang
 r - 2 javelins (quivered)
Armour
 b - a +0 kite shield (worn)
 g - a +2 hat (worn)
 i - a +0 pair of boots (worn)
 l - the +0 ring mail of Hubris {rF+++ MP-9 Dex+5}
   (You found it on level 7 of the Dungeon)

   Dex:       It affects your dexterity (+5).
   rF:        It renders you almost immune to fire.
   MP:        It affects your magic capacity (-9).
 m - a +0 plate armour (worn)
 p - a +0 cloak (worn)
Jewellery
 h - a +6 ring of intelligence (left hand)
 j - a ring of ice
 k - a ring of fire
 q - a +4 ring of slaying (right hand) {mikee}
Scrolls
 a - 9 scrolls of identify
 f - 3 scrolls of teleportation
Potions
 d - 2 potions of might
 o - 7 potions of curing
 s - 2 potions of mutation

Dungeon Overview and Level Annotations

Branches:
Dungeon (10/15)            Temple (0/1) D:7            Lair (1/5) D:10
    Orc (0/2) D:9

Altars:
Ashenzari
Fedhas
Gozag
Kikubaaqudgha
Nemelex Xobeh
Trog
Yredelemnul

Shops:
D:5 *   D:6 (   D:7 :   D:10 !

Portals:
Bailey: D:7


Message History

You kill the cane toad!
Trog accepts your kill.
You barely miss the blink frog.
The blink frog blinks!
The blink frog completely misses you. You furiously retaliate!
You headbutt the blink frog!!
Your Dodging skill increases to level 3!
You completely miss the blink frog. Your headbutt misses the blink frog.
The blink frog is heavily wounded.
You closely miss the blink frog.
The blink frog hits you but does no damage.
The blink frog hits you.
The blink frog blinks!
You barely miss the blink frog. Your headbutt misses the blink frog.
The blink frog is moderately wounded.
You slash the komodo dragon!
The blink frog hits you but does no damage.
The komodo dragon bites you!! The blink frog hits you!
The blink frog blinks!
The blink frog barely misses you. You furiously retaliate!
You headbutt the blink frog! The blink frog closely misses you.
You block the komodo dragon's attack.
11673 ||| READING 4 scrolls of teleportation.
As you read the scroll of teleportation, it crumbles to dust.
You feel strangely unstable. You block the blink frog's attack.
The blink frog hits you but does no damage.
The komodo dragon bites you but does no damage.
You block the blink frog's attack. The blink frog hits you!
You slash the blink frog!
You kill the blink frog!
Trog accepts your kill.
You completely miss the blink frog. You slash the komodo dragon!
The blink frog blinks!
The komodo dragon bites you but does no damage.
The blink frog blinks!
The komodo dragon bites you but does no damage.
You slash the komodo dragon! Your headbutt misses the komodo dragon.
The komodo dragon is severely wounded.
You miss the blink frog.
The blink frog hits you but does no damage.
The komodo dragon bites you!
You die...

#(...........##
........##.#..#..#
............###..#
.....##.###.###..#
...#P #.###.##...##
#..# #.#....#P...#
.. ##.F........##
..$.##%F#....##...#
......¤@##...##..P#
.......l.....##..##
.#..##.......#....
... .F......#.....
.# ##.(###......#.#
...¤ ..##...#.#
#..# # ....


You could see a komodo dragon and 3 blink frogs.

Vanquished Creatures
  Snorg (D:10)
  2 cane toads (Lair:1)
  Psyche (D:10)
  2 trolls (D:9)
  Grinder (D:4)
  Prince Ribbit (D:6)
  2 blink frogs (Lair:1)
  A vampire (D:10)
  A wraith (D:10)
  5 yaks (D:10)
  2 wyverns
  A warg (D:9)
  2 steam dragons
  Edmund (D:5)
  Duvessa (D:4)
  2 orc warriors
  2 ice beasts
  A sky beast (D:7)
  A black bear (D:7)
  5 ogres
  3 centaurs
  3 kobold brigands (D:9)
  5 bullfrogs
  3 scorpions
  7 wights
  Dowan (D:4)
  3 killer bees (D:10)
  6 howler monkeys
  3 jellies
  3 hounds
  9 orc priests
  A gnoll bouda (D:4)
  Natasha (thrice) (D:3)
  Ijyb (D:5)
  6 iguanas
  7 orc wizards
  Robin (D:4)
  7 gnolls
  6 adders
  A shadow imp (D:7)
  2 white imps (D:7)
  An ufetubus (D:7)
  4 worms
  2 dart slugs
  35 orcs
  8 bats
  7 endoplasms
  22 giant cockroaches
  19 goblins
  8 hobgoblins
  2 jackals (D:1)
  17 kobolds
  5 quokkas
  3 training dummies (D:6)
  4 ball pythons
  5 frilled lizards
  8 rats
266 creatures vanquished.

Vanquished Creatures (others)
  A fungus (Lair:1)
  2 plants (Lair:1)
  A withered plant (D:8)
4 creatures vanquished.

Grand Total: 270 creatures vanquished

Notes
Turn   | Place    | Note
-------+----------+-------------------------------------------
     0 | D:1      | qw the Minotaur Berserker began the quest for the Orb.
     0 | D:1      | Reached XP level 1. HP: 19/19 MP: 0/0
     0 | D:1      | 0 ||| qw: Version: 0.1-a-119-g272c26d
     0 | D:1      | 0 ||| qw: Game counter: 11077
     0 | D:1      | 0 ||| qw: Always use a shield: true
     0 | D:1      | 0 ||| qw: Do Orc after D:15 true
     0 | D:1      | 0 ||| qw: Do second Lair branch before Depths: true
     0 | D:1      | 0 ||| qw: Lair rune preference: random
     0 | D:1      | 0 ||| qw: Plans: Normal
     0 | D:1      | 0 ||| PLANNING D:1-11
    80 | D:1      | Reached skill level 4 in Axes
   103 | D:1      | 103 ||| Stepping ~*~*~tactically~*~*~ (stealth).
   105 | D:1      | 105 ||| Stepping ~*~*~tactically~*~*~ (stealth).
   106 | D:1      | 106 ||| Stepping ~*~*~tactically~*~*~ (stealth).
   109 | D:1      | 109 ||| Stepping ~*~*~tactically~*~*~ (stealth).
   169 | D:1      | Reached XP level 2. HP: 23/26 MP: 1/1
   251 | D:1      | 251 ||| Stepping ~*~*~tactically~*~*~ (stealth).
   288 | D:1      | 288 ||| Stepping ~*~*~tactically~*~*~ (stealth).
   290 | D:1      | 290 ||| Stepping ~*~*~tactically~*~*~ (hiding).
   414 | D:1      | Reached ** piety under Trog
   415 | D:1      | Reached skill level 5 in Axes
   469 | D:1      | Reached XP level 3. HP: 22/31 MP: 2/2
  1003 | D:1      | 1003 ||| UPGRADING to +0 leather armour.
  1013 | D:1      | 1013 ||| DROPPING +0 animal skin.
  1014 | D:1      | 1014 ||| UPGRADING to +0 pair of boots.
  1019 | D:1      | 1019 ||| READING 3 scrolls labelled LUB IR ONLIESIDEAG.
  1020 | D:1      | 1020 ||| READING scroll labelled QAEVI NAO.
  1021 | D:1      | 1021 ||| READING 3 scrolls labelled MAGEIV UNACH.
  1024 | D:1      | 1024 ||| READING scroll labelled AZUGIUL TELONE.
  1025 | D:1      | 1025 ||| READING 2 scrolls labelled YXTECR LESUU.
  1026 | D:1      | 1026 ||| READING 2 scrolls of identify.
  1026 | D:1      | 1026 ||| IDENTIFYING emerald potion
  1027 | D:1      | 1027 ||| DROPPING potion of lignification.
  1028 | D:1      | 1028 ||| DROPPING scroll of noise.
  1058 | D:2      | 1058 ||| INVOKING Berserk.
  1178 | D:2      | Found a faded altar of an unknown god.
  1181 | D:2      | 1181 ||| Stepping ~*~*~tactically~*~*~ (stealth).
  1211 | D:2      | Found a bloodstained altar of Trog.
  1354 | D:2      | 1354 ||| INVOKING Berserk.
  1632 | D:2      | Reached skill level 6 in Axes
  1632 | D:2      | Reached XP level 4. HP: 39/39 MP: 3/3
  1989 | D:2      | 1989 ||| UPGRADING to +0 ring mail.
  1999 | D:2      | 1999 ||| DROPPING +0 leather armour.
  2000 | D:2      | 2000 ||| UPGRADING to +0 plate armour.
  2010 | D:2      | 2010 ||| DROPPING +0 ring mail.
  2011 | D:2      | 2011 ||| READING scroll labelled INTIAF KANITUQ.
  2012 | D:2      | 2012 ||| READING 2 scrolls of identify.
  2012 | D:2      | 2012 ||| IDENTIFYING bubbling green potion
  2013 | D:2      | 2013 ||| DROPPING potion of degeneration.
  2014 | D:2      | 2014 ||| READING 3 scrolls of teleportation.
  2056 | D:3      | Noticed Natasha
  2059 | D:3      | 2059 ||| INVOKING Berserk.
  2063 | D:3      | Killed Natasha
  2223 | D:3      | Reached XP level 5. HP: 42/45 MP: 4/4
  2226 | D:3      | Reached skill level 7 in Axes
  2233 | D:3      | 2233 ||| Stepping ~*~*~tactically~*~*~ (hiding).
  2237 | D:3      | Reached *** piety under Trog
  2238 | D:3      | 2238 ||| INVOKING Berserk.
  2240 | D:3      | Reached skill level 3 in Armour
  2377 | D:3      | 2377 ||| DROPPING +0 mace.
  2378 | D:3      | 2378 ||| DROPPING +0 club.
  2440 | D:3      | 2440 ||| Stepping ~*~*~tactically~*~*~ (stealth).
  2441 | D:3      | 2441 ||| Stepping ~*~*~tactically~*~*~ (stealth).
  2460 | D:3      | 2460 ||| Stepping ~*~*~tactically~*~*~ (stealth).
  2461 | D:3      | 2461 ||| Stepping ~*~*~tactically~*~*~ (stealth).
  2467 | D:3      | 2467 ||| Stepping ~*~*~tactically~*~*~ (stealth).
  2589 | D:3      | Noticed Natasha
  2590 | D:3      | 2590 ||| Stepping ~*~*~tactically~*~*~ (hiding).
  2594 | D:3      | 2594 ||| INVOKING Berserk.
  2595 | D:3      | Killed Natasha
  2975 | D:3      | 2975 ||| UPGRADING to +0 kite shield.
  2980 | D:3      | 2980 ||| READING scroll labelled IVOUQO LARRIKAQ.
  2981 | D:3      | 2981 ||| READING 2 scrolls of identify.
  2981 | D:3      | 2981 ||| IDENTIFYING fizzy red potion
  3018 | D:4      | 3018 ||| FLEEEEING.
  3019 | D:4      | 3019 ||| STAIRDANCE
  3123 | D:4      | 3123 ||| STAIRDANCE
  3125 | D:3      | 3125 ||| INVOKING Berserk.
  3130 | D:3      | Reached skill level 1 in Shields
  3321 | D:4      | 3321 ||| STAIRDANCE
  3323 | D:3      | 3323 ||| INVOKING Berserk.
  3347 | D:3      | Noticed Natasha
  3355 | D:3      | 3355 ||| Stepping ~*~*~tactically~*~*~ (stealth).
  3378 | D:3      | Killed Natasha
  3379 | D:3      | Reached XP level 6. HP: 48/52 MP: 5/5
  3407 | D:4      | 3407 ||| STAIRDANCE
  3409 | D:3      | 3409 ||| INVOKING Berserk.
  3469 | D:4      | 3469 ||| STAIRDANCE
  3473 | D:3      | Reached skill level 3 in Shields
  3480 | D:4      | 3480 ||| INVOKING Berserk.
  3497 | D:4      | Noticed Grinder
  3498 | D:4      | 3498 ||| INVOKING Trog's Hand.
  3507 | D:4      | Killed Grinder
  3508 | D:4      | Reached skill level 6 in Shields
  3508 | D:4      | Reached XP level 7. HP: 54/59 MP: 6/6
  3512 | D:4      | 3512 ||| FLEEEEING.
  3512 | D:4      | Noticed Robin
  3522 | D:4      | Killed Robin
  3528 | D:4      | 3528 ||| FLEEEEING.
  3529 | D:4      | 3529 ||| FLEEEEING.
  3530 | D:4      | 3530 ||| FLEEEEING.
  3531 | D:4      | 3531 ||| FLEEEEING.
  3532 | D:4      | 3532 ||| FLEEEEING.
  3533 | D:4      | 3533 ||| FLEEEEING.
  3534 | D:4      | 3534 ||| STAIRDANCE
  3592 | D:4      | 3592 ||| INVOKING Berserk.
  3594 | D:4      | Reached skill level 8 in Axes
  3594 | D:4      | 3594 ||| STAIRDANCE
  3736 | D:4      | 3736 ||| Stepping ~*~*~tactically~*~*~ (stealth).
  3738 | D:4      | 3738 ||| Stepping ~*~*~tactically~*~*~ (stealth).
  3748 | D:4      | 3748 ||| Stepping ~*~*~tactically~*~*~ (stealth).
  3749 | D:4      | 3749 ||| Stepping ~*~*~tactically~*~*~ (stealth).
  3827 | D:4      | Noticed Dowan
  3827 | D:4      | Noticed Duvessa
  3831 | D:4      | 3831 ||| INVOKING Berserk.
  3833 | D:4      | Killed Duvessa
  3838 | D:4      | Killed Dowan
  3841 | D:4      | Reached skill level 9 in Axes
  3841 | D:4      | Reached XP level 8. HP: 66/66 MP: 7/7
  3905 | D:4      | 3905 ||| Stepping ~*~*~tactically~*~*~ (stealth).
  4152 | D:4      | 4152 ||| READING scroll labelled DAF WURGHELLARYO.
  4153 | D:4      | 4153 ||| DRINKING 2 purple potions.
  4154 | D:4      | 4154 ||| READING 3 scrolls of identify.
  4154 | D:4      | 4154 ||| IDENTIFYING ruby potion
  4155 | D:4      | 4155 ||| READING 2 scrolls of identify.
  4155 | D:4      | 4155 ||| IDENTIFYING brown potion
  4156 | D:4      | 4156 ||| DROPPING potion of flight.
  4157 | D:4      | 4157 ||| DROPPING potion of brilliance.
  4158 | D:4      | 4158 ||| DROPPING potion of ambrosia.
  4189 | D:5      | Entered Level 5 of the Dungeon
  4296 | D:5      | 4296 ||| FLEEEEING.
  4297 | D:5      | 4297 ||| INVOKING Berserk.
  4476 | D:5      | Found Heoqias's Overcharged Wands.
  4520 | D:5      | 4520 ||| Stepping ~*~*~tactically~*~*~ (stealth).
  4746 | D:5      | Identified the +1 leather armour of Diddops {rElec Will+
                  | Int+2}
  4748 | D:5      | Found a broken altar of Ashenzari.
  4748 | D:5      | Found a basalt altar of Yredelemnul.
  4795 | D:5      | Noticed Ijyb
  4798 | D:5      | 4798 ||| INVOKING Berserk.
  4802 | D:5      | Killed Ijyb
  4806 | D:5      | Noticed Edmund
  4821 | D:5      | HP: 15/68 [Edmund/+2 flail of protection (5)]
  4822 | D:5      | 4822 ||| READING 3 scrolls of teleportation.
  4825 | D:5      | Reached **** piety under Trog
  5112 | D:5      | 5112 ||| INVOKING Berserk.
  5279 | D:5      | 5279 ||| Stepping ~*~*~tactically~*~*~ (stealth).
  5282 | D:5      | 5282 ||| INVOKING Berserk.
  5294 | D:5      | Killed Edmund
  5420 | D:5      | 5420 ||| DROPPING +0 flail.
  5500 | D:5      | 5500 ||| UPGRADING to +2 hat.
  5505 | D:5      | 5505 ||| UPGRADING to +6 ring of intelligence.
  5506 | D:5      | 5506 ||| READING scroll labelled VERITW JULUB.
  5530 | D:6      | Found Cuom's Firing Range.
  5551 | D:6      | 5551 ||| Stepping ~*~*~tactically~*~*~ (stealth).
  5553 | D:6      | 5553 ||| Stepping ~*~*~tactically~*~*~ (hiding).
  5557 | D:6      | 5557 ||| INVOKING Berserk.
  5648 | D:6      | Reached skill level 10 in Axes
  5657 | D:6      | Found an opulent altar of Gozag.
  5746 | D:6      | 5746 ||| INVOKING Berserk.
  5982 | D:6      | Reached skill level 6 in Fighting
  5986 | D:6      | 5986 ||| FLEEEEING.
  5987 | D:6      | 5987 ||| FLEEEEING.
  5988 | D:6      | 5988 ||| FLEEEEING.
  5989 | D:6      | 5989 ||| FLEEEEING.
  5990 | D:6      | 5990 ||| FLEEEEING.
  5991 | D:6      | 5991 ||| FLEEEEING.
  5992 | D:6      | 5992 ||| FLEEEEING.
  5993 | D:6      | 5993 ||| FLEEEEING.
  5994 | D:6      | 5994 ||| FLEEEEING.
  5996 | D:6      | 5996 ||| FLEEEEING.
  5997 | D:6      | 5997 ||| FLEEEEING.
  5998 | D:6      | 5998 ||| FLEEEEING.
  5999 | D:6      | 5999 ||| FLEEEEING.
  6000 | D:6      | 6000 ||| FLEEEEING.
  6001 | D:6      | 6001 ||| FLEEEEING.
  6002 | D:6      | 6002 ||| FLEEEEING.
  6003 | D:6      | 6003 ||| FLEEEEING.
  6004 | D:6      | 6004 ||| FLEEEEING.
  6005 | D:6      | 6005 ||| FLEEEEING.
  6006 | D:6      | 6006 ||| FLEEEEING.
  6007 | D:6      | 6007 ||| FLEEEEING.
  6008 | D:6      | 6008 ||| FLEEEEING.
  6010 | D:6      | 6010 ||| FLEEEEING.
  6011 | D:6      | 6011 ||| FLEEEEING.
  6012 | D:6      | 6012 ||| FLEEEEING.
  6013 | D:6      | 6013 ||| FLEEEEING.
  6014 | D:6      | 6014 ||| FLEEEEING.
  6015 | D:6      | 6015 ||| FLEEEEING.
  6016 | D:6      | 6016 ||| FLEEEEING.
  6017 | D:6      | 6017 ||| FLEEEEING.
  6018 | D:6      | 6018 ||| STAIRDANCE
  6075 | D:6      | 6075 ||| STAIRDANCE
  6249 | D:6      | Reached XP level 9. HP: 72/75 MP: 8/8
  6298 | D:6      | 6298 ||| Stepping ~*~*~tactically~*~*~ (hiding).
  6301 | D:6      | 6301 ||| Stepping ~*~*~tactically~*~*~ (hiding).
  6309 | D:6      | 6309 ||| INVOKING Berserk.
  6556 | D:6      | Noticed Prince Ribbit
  6558 | D:6      | 6558 ||| INVOKING Berserk.
  6572 | D:6      | Killed Prince Ribbit
  6573 | D:6      | Reached skill level 11 in Axes
  6766 | D:6      | 6766 ||| READING 3 scrolls of identify.
  6766 | D:6      | 6766 ||| IDENTIFYING glowing golden potion
  6767 | D:6      | 6767 ||| DROPPING potion of attraction.
  6797 | D:7      | Identified the +0 ring mail of Hubris {rF+++ MP-9 Dex+5}
  6849 | D:7      | Found Kirailea's Book Shop.
  6852 | D:7      | Found a staircase to the Ecumenical Temple.
  6866 | D:7      | 6866 ||| INVOKING Berserk.
  7052 | D:7      | Found a flagged portal.
  7156 | D:7      | 7156 ||| INVOKING Berserk.
  7302 | D:7      | Identified the +1 leather armour of Hafif {Harm Fly}
  7451 | D:7      | Found a sparkling altar of Nemelex Xobeh.
  7744 | D:8      | 7744 ||| Stepping ~*~*~tactically~*~*~ (hiding).
  7745 | D:8      | 7745 ||| Stepping ~*~*~tactically~*~*~ (hiding).
  7904 | D:8      | 7904 ||| INVOKING Berserk.
  8022 | D:8      | 8022 ||| Stepping ~*~*~tactically~*~*~ (stealth).
  8030 | D:8      | 8030 ||| Stepping ~*~*~tactically~*~*~ (stealth).
  8044 | D:8      | Reached skill level 12 in Axes
  8127 | D:8      | 8127 ||| SWAPPING to +0 war axe.
  8128 | D:8      | 8128 ||| DROPPING +1 hand axe.
  8182 | D:8      | 8182 ||| Stepping ~*~*~tactically~*~*~ (hiding).
  8287 | D:8      | Found a blossoming altar of Fedhas.
  8292 | D:8      | Found an ancient bone altar of Kikubaaqudgha.
  8323 | D:8      | 8323 ||| Stepping ~*~*~tactically~*~*~ (cloud).
  8328 | D:8      | 8328 ||| INVOKING Berserk.
  8557 | D:8      | 8557 ||| Stepping ~*~*~tactically~*~*~ (hiding).
  8569 | D:8      | Reached skill level 9 in Shields
  8569 | D:8      | 8569 ||| INVOKING Berserk.
  8692 | D:8      | 8692 ||| UPGRADING to +0 cloak.
  8697 | D:8      | 8697 ||| READING scroll labelled BUATZUHYES.
  8739 | D:9      | Noticed a troll
  8742 | D:9      | 8742 ||| INVOKING Berserk.
  8746 | D:9      | Killed a troll
  8747 | D:9      | Reached skill level 6 in Armour
  9107 | D:9      | Reached XP level 10. HP: 86/86 MP: 9/9
  9112 | D:9      | 9112 ||| DRINKING potion of curing.
  9112 | D:9      | 9112 ||| (to cure confusion)
  9113 | D:9      | 9113 ||| Stepping ~*~*~tactically~*~*~ (hiding).
  9119 | D:9      | 9119 ||| INVOKING Berserk.
  9259 | D:9      | Found a staircase to the Orcish Mines.
  9335 | D:9      | 9335 ||| INVOKING Berserk.
  9340 | D:9      | Reached skill level 13 in Axes
  9444 | D:9      | 9444 ||| Stepping ~*~*~tactically~*~*~ (stealth).
  9445 | D:9      | 9445 ||| Stepping ~*~*~tactically~*~*~ (stealth).
  9455 | D:9      | 9455 ||| Stepping ~*~*~tactically~*~*~ (stealth).
  9456 | D:9      | 9456 ||| Stepping ~*~*~tactically~*~*~ (stealth).
  9546 | D:9      | 9546 ||| Stepping ~*~*~tactically~*~*~ (hiding).
  9758 | D:9      | Reached skill level 3 in Throwing
  9996 | D:9      | 9996 ||| UPGRADING to +4 ring of slaying {mikee}.
  9997 | D:9      | 9997 ||| READING scroll labelled JYTESM NOKKUT.
  9998 | D:9      | 9998 ||| DRINKING 2 silvery potions.
  9998 | D:9      | Gained mutation: You have sharp toenails. [potion of
                  | mutation]
 10017 | D:10     | Entered Level 10 of the Dungeon
 10045 | D:10     | Noticed Psyche
 10057 | D:10     | Killed Psyche
 10201 | D:10     | Found a staircase to the Lair.
 10264 | D:10     | Noticed Snorg
 10267 | D:10     | 10267 ||| INVOKING Berserk.
 10274 | D:10     | Killed Snorg
 10436 | D:10     | 10436 ||| INVOKING Berserk.
 10455 | D:10     | 10455 ||| Stepping ~*~*~tactically~*~*~ (stealth).
 10473 | D:10     | 10473 ||| Stepping ~*~*~tactically~*~*~ (stealth).
 10699 | D:10     | 10699 ||| Stepping ~*~*~tactically~*~*~ (stealth).
 10702 | D:10     | 10702 ||| Stepping ~*~*~tactically~*~*~ (stealth).
 10705 | D:10     | 10705 ||| Stepping ~*~*~tactically~*~*~ (stealth).
 10713 | D:10     | 10713 ||| Stepping ~*~*~tactically~*~*~ (stealth).
 10718 | D:10     | Reached skill level 14 in Axes
 10934 | D:10     | Found Duist's Distillery.
 10940 | D:10     | 10940 ||| BUYING 2 potions of curing (90 gold).
 10940 | D:10     | Bought 2 potions of curing for 90 gold pieces
 10940 | D:10     | 10940 ||| BUYING potion of curing (45 gold).
 10940 | D:10     | Bought a potion of curing for 45 gold pieces
 10940 | D:10     | 10940 ||| BUYING potion of curing (45 gold).
 10940 | D:10     | Bought a potion of curing for 45 gold pieces
 10940 | D:10     | 10940 ||| BUYING potion of mutation (120 gold).
 10940 | D:10     | Bought a potion of mutation for 120 gold pieces
 11344 | D:10     | 11344 ||| PLANNING LAIR
 11344 | D:10     | 11344 ||| READING scroll labelled UWIYHEF NEUZ.
 11445 | D:10     | 11445 ||| READING 10 scrolls of identify.
 11445 | D:10     | 11445 ||| IDENTIFYING green potion
 11446 | D:10     | 11446 ||| DROPPING potion of berserk rage.
 11509 | Lair:1   | Entered Level 1 of the Lair of Beasts
 11509 | Lair:1   | Noticed a cane toad
 11511 | Lair:1   | 11511 ||| INVOKING Berserk.
 11513 | Lair:1   | Killed a cane toad
 11514 | Lair:1   | Reached XP level 11. HP: 95/95 MP: 10/10
 11651 | Lair:1   | 11651 ||| Stepping ~*~*~tactically~*~*~ (stealth).
 11653 | Lair:1   | 11653 ||| Stepping ~*~*~tactically~*~*~ (stealth).
 11654 | Lair:1   | 11654 ||| INVOKING Berserk.
 11671 | Lair:1   | Reached skill level 3 in Dodging
 11672 | Lair:1   | HP: 17/95 [blink frog (9)]
 11673 | Lair:1   | 11673 ||| READING 4 scrolls of teleportation.
 11673 | Lair:1   | HP: 4/95 [blink frog (13)]
 11675 | Lair:1   | Mangled by a komodo dragon

Levels and vault maps discovered:
D:1:      ncdulo_smallfort, layout_loops_cross, minmay_pentomino_u4
D:2:      minmay_roachtagon, layout_basic,
          hellmonk_ecumenical_altar_arch_garden, basic_altar
D:3:      layout_basic, uniq_natasha
D:4:      layout_rooms, kennysheep_generic_room_11, uniq_grinder, uniq_robin,
          uniq_duvessa
D:5:      layout_rooms, gammafunk_temple_overflow_statue,
          nicolae_shop_overcharged_wands, uniq_edmund, uniq_ijyb
D:6:      layout_basic, nicolae_gozag_seed_capital, nicolae_shop_firing_range,
          uniq_prince_ribbit1
D:7:      layout_cave_pools, nemelex_diamond_rough_becter,
          minmay_temple_entry_junction, serial_shops, shop, enter_bailey_5
D:8:      layout_loops_ring, grunt_temple_overflow_growth_and_decay
D:9:      layout_irregular_city, david_orc_3
D:10:     layout_roguey, lair_entry_dummy, serial_shops, shop, grunt_ogre_cave,
          uniq_snorg, uniq_psyche
Lair:1:   layout_loops_ring

Skill      XL: |  1  2  3  4  5  6  7  8  9 10 11 |
---------------+----------------------------------+-----
Axes           | 4 5 6 7 9 10 12 14 | 14.2
Armour         | 3 4 6 7 |  7.2
Fighting       | 4 6 7 8 |  8.9
Shields        | 2 6 7 9 10 | 10.0
Throwing       | 2 3 |  3.1
Dodging        | 3 |  3.0

Action                   |  1- 3 |  4- 6 |  7- 9 | 10-12 || total
-------------------------+-------+-------+-------+-------++-------
Melee: Hand axe          |    94 |   137 |   265 |       ||   496
       Headbutt          |    15 |    22 |    48 |    25 ||   110
       Punch             |     1 |       |       |       ||     1
       War axe           |       |       |    42 |   140 ||   182
Throw: Javelin           |       |       |    44 |    18 ||    62
       Boomerang         |       |       |     1 |     4 ||     5
Invok: Berserk           |     2 |     7 |    16 |     6 ||    31
       Trog's Hand       |       |     1 |       |       ||     1
  Use: Scroll            |     6 |     5 |     7 |     4 ||    22
       Potion            |       |       |     1 |     2 ||     3
Armor: Animal skin       |     5 |       |       |       ||     5
       Leather armour    |    10 |     9 |       |       ||    19
       Plate armour      |       |    54 |   137 |    70 ||   261
       Skin              |       |       |       |     5 ||     5
Dodge: Dodged            |    47 |    33 |    64 |    31 ||   175
Block: Kite shield       |       |     8 |   119 |    57 ||   184

Table legend:
 A = Non-vault XP
 B = Vault XP
 C = Vault XP percentage of total XP
 D = Non-vault monster count
 E = Vault monster count
 F = Vault count percentage of total count
                 A         B        C        D         E       F
            +---------+---------+-------+---------+---------+-------
      Total |    9236 |    2886 |  23.8 |     213 |      53 |  19.9
            +---------+---------+-------+---------+---------+-------
        D:1 |      44 |       9 |  17.0 |      25 |       5 |  16.7
        D:2 |      57 |      22 |  27.8 |      19 |      11 |  36.7
        D:3 |     322 |      37 |  10.3 |      42 |       1 |   2.3
        D:4 |     473 |     530 |  52.8 |      13 |      16 |  55.2
        D:5 |     497 |     194 |  28.1 |      17 |       2 |  10.5
        D:6 |     806 |     283 |  26.0 |      18 |       4 |  18.2
        D:7 |     676 |       8 |   1.2 |      11 |       4 |  26.7
        D:8 |    1127 |       0 |   0.0 |      21 |       0 |   0.0
        D:9 |    1682 |     393 |  18.9 |      26 |       7 |  21.2
       D:10 |    2100 |    1410 |  40.2 |      16 |       3 |  15.8
     Lair:1 |    1452 |       0 |   0.0 |       5 |       0 |   0.0
            +---------+---------+-------+---------+---------+-------
